 Dungeon Crawl Stone Soup version 0.23-a0-473-gc8aadda (webtiles) character file.

37 Amnesiac the Digger (level 3, 0/26 HPs)
             Began as a Ghoul Earth Elementalist on Nov 27, 2018.
             Slain by an ogre
             ... wielding a +0 giant club
              (26 damage)
             ... on level 3 of the Dungeon.
             The game lasted 00:02:45 (793 turns).

Amnesiac the Digger (Ghoul Earth Elementalist)       Turns: 793, Time: 00:02:46

Health: 0/26       AC:  2    Str: 11    XL:     3   Next: 39%
Magic:  3/5        EV: 12    Int: 11    God:
Gold:   34         SH:  0    Dex:  9    Spells: 3/6 levels left

rFire    . . .     SeeInvis .   a - +1 dagger (venom)
rCold    + . .     Gourm    .   (no shield)
rNeg     + + +     Faith    .   c - +0 robe
rPois    ∞         Spirit   .   (no helmet)
rElec    .         Reflect  .   (no cloak)
rCorr    .         Harm     +   (no gloves)
MR       .....                  (no boots)
Stlth    ++........             j - amulet of harm
HPRegen  0.00/turn              (no ring)
MPRegen  0.09/turn              (no ring)

@: rotting
A: rotting body, claws 1, carnivore, cold resistance 1, negative energy
resistance 3, inhibited regeneration, torment resistance, unbreathing
a: no special abilities


You were on level 3 of the Dungeon.
You were not hungry.

You visited 1 branch of the dungeon, and saw 3 of its levels.

You collected 34 gold pieces.

Inventory:

Hand Weapons
 a - a +1 dagger of venom (weapon)
Missiles
 b - 48 stones (quivered)
Armour
 c - a +0 robe (worn)
Jewellery
 j - an amulet of harm (around neck)
Scrolls
 f - a scroll of remove curse {!r, unknown}
 k - a scroll of amnesia {!r, unknown}
 l - a scroll of blinking {!r, unknown}
 m - a scroll of identify {!r, unknown}
Potions
 e - a potion of berserk rage {!q, unknown}
 g - a potion of mutation {!q, unknown}
 i - a potion of heal wounds {!q, unknown}
 n - a potion of curing {!q, unknown}
Comestibles
 d - a ration
 h - 4 chunks of flesh


   Skills:
 - Level 1.7 Dodging
 - Level 2.1 Stealth
 + Level 2.3 Spellcasting
 - Level 0.8 Transmutations
 * Level 4.3 Earth Magic


You had 3 spell levels left.
You knew the following spells:

 Your Spells              Type           Power        Failure   Level  Hunger
a - Sandblast             Erth           ##....       4%          1    ##.....
b - Passwall              Tmut/Erth      #.......     14%         2    ###....

Your spell library contained the following spells:

 Spells                   Type           Power        Failure   Level  Hunger
 Stone Arrow              Conj/Erth      #.....       34%         3    ####...
 Petrify                  Tmut/Erth      #.......     67%         4    #####..
 Lee's Rapid Deconstruct  Erth           ##........   78%         5    ######.


Dungeon Overview and Level Annotations

Branches:
Dungeon (3/15)

Altars:


Innate Abilities, Weirdness & Mutations

Your body is rotting away.
You thrive on raw meat.
You are immune to poison.
You have sharp fingernails.
You are carnivorous and can eat meat at any time.
Your flesh is cold resistant. (rC+)
You are immune to negative energy. (rN+++)
You do not regenerate when monsters are visible.
You are immune to unholy pain and torment.
You can survive without breathing.


Message History

The giant cockroach is poisoned.
The giant cockroach is moderately wounded.
The giant cockroach bites you.
You barely miss the giant cockroach.
The giant cockroach is almost dead.
You kill the giant cockroach!
No target in view!
You see here a giant cockroach corpse.
You butcher the giant cockroach corpse.
h - 4 chunks of flesh (gained 1)
You see here a bat corpse.
You butcher the bat corpse.
h - 5 chunks of flesh (gained 1)
You see here a bat skeleton.
A goblin comes into view.
The goblin shouts!
Found a scroll labeled ODDYASCHUITT.
There is a stone staircase leading down here.
The goblin hits you.
Found a scroll labeled GESIEKHA FEAS and a coppery potion.
You closely miss the goblin. The goblin hits you.
You closely miss the goblin. The goblin barely misses you.
You barely miss the goblin. The goblin hits you.
You completely miss the goblin. The goblin misses you.
You hit the goblin.
The goblin is poisoned.
The goblin is severely wounded.
The goblin hits you but does no damage.
You hit the goblin.
You kill the goblin!
No target in view!
Eating one of 5 chunks of flesh.
You eat one of the 5 chunks of flesh.
This raw flesh tastes great!
Eating one of 4 chunks of flesh.
You eat one of the 4 chunks of flesh.
This raw flesh tastes great!
You see here a goblin corpse.
You butcher the goblin corpse.
h - 4 chunks of flesh (gained 1)
You see here a goblin skeleton.
l - a scroll labeled ODDYASCHUITT {!r}
m - a scroll labeled GESIEKHA FEAS {!r}
n - a coppery potion {!q} An ogre comes into view.
It is wielding a +0 giant club.
The ogre shouts!
Casting: Sandblast (safe; 4% risk of failure)
Confirm with . or Enter, or press ? or * to list all spells.
Aiming: Sandblast (safe; 4% risk of failure)
Press: ? - help, Shift-Dir - straight line, f - ogre
Aim: an ogre, wielding a +0 giant club The blast of sand hits the ogre.
The ogre is lightly wounded.
b - 49 stones The ogre closely misses you.
Unknown command.
Casting: Sandblast (safe; 4% risk of failure)
Confirm with . or Enter, or press ? or * to list all spells.
Aiming: Sandblast (safe; 4% risk of failure)
Press: ? - help, Shift-Dir - straight line, f/p - ogre
Aim: an ogre, wielding a +0 giant club (lightly wounded)
The blast of sand hits the ogre.
The ogre is heavily wounded.
b - 48 stones The ogre hits you with a +0 giant club!!
Ouch! That really hurt!
You die...

#...# ######...#.# ##.#.#
#......#...# #..#.#
###.######..##
##.##.####...####.....#
.#>............##.###.####
...............##.###..... .
....÷..................##..#
.............#########......
..........#.###.@O.........#
..........#.....####..#..#.#
............##### #.## ..#
..........#.# #.# .
.........##.# ..#
.##.....###.# ###
###......##.# #......##.#
#......##.#


You could see an ogre.

Vanquished Creatures
  An adder (D:2)
  2 dart slugs
  A leopard gecko (D:1)
  An orc (D:2)
  6 bats
  2 giant cockroaches
  A goblin (D:3)
  3 hobgoblins
  2 kobolds
  A rat (D:1)
20 creatures vanquished.

Notes
Turn   | Place    | Note
-------+----------+-------------------------------------------
     0 | D:1      | Amnesiac the Ghoul Earth Elementalist began the quest for
                  | the Orb.
     0 | D:1      | Reached XP level 1. HP: 14/14 MP: 2/2
   311 | D:1      | Reached XP level 2. HP: 15/20 MP: 4/4
   337 | D:1      | Learned a level 2 spell: Passwall
   386 | D:2      | Reached skill level 4 in Earth Magic
   414 | D:2      | Reached XP level 3. HP: 13/26 MP: 3/5
   562 | D:2      | Noticed an orc warrior
   786 | D:3      | Noticed an ogre
   793 | D:3      | Slain by an ogre

Vault maps used:
D:1:      lightli_arrival_statuegarden

Skill      XL: |  1  2 |
---------------+-------+-----
Spellcasting   | 2 |  2.3
Earth Magic    | 4 |  4.3
Dodging        | |  1.7
Stealth        | |  2.1
Transmutations | |  0.8

Action                   || total
-------------------------++-------
Melee: Unarmed           ||    50
       Dagger            ||    17
 Cast: Sandblast         ||    11
 Stab: Sleeping          ||     4
  Eat: Chunk             ||    16
Armor: Robe              ||    28
Dodge: Dodged            ||    54

Table legend:
 A = Non-vault XP
 B = Vault XP
 C = Vault XP percentage of total XP
 D = Non-vault monster count
 E = Vault monster count
 F = Vault count percentage of total count
                 A         B        C        D         E       F
            +---------+---------+-------+---------+---------+-------
      Total |      53 |       0 |   0.0 |      20 |       0 |   0.0
            +---------+---------+-------+---------+---------+-------
        D:1 |      16 |       0 |   0.0 |       8 |       0 |   0.0
        D:2 |      25 |       0 |   0.0 |       7 |       0 |   0.0
        D:3 |      12 |       0 |   0.0 |       5 |       0 |   0.0
            +---------+---------+-------+---------+---------+-------
